 Dungeon Crawl Stone Soup version 0.31-a0-819-gf6de2f5ab6 (webtiles) character file.

Game seed: 13231461348155164551

170 Danienth the Insei (level 5, 0/41 HPs)
             Began as a Gnoll Shapeshifter on Sept 25, 2023.
             Was an Initiate of Gozag.
             Slain by an orc
             ... wielding a +0 club
              (2 damage)
             ... on level 4 of the Dungeon.
             The game lasted 00:07:09 (2274 turns).

Danienth the Insei (Gnoll Shapeshifter)             Turns: 2274, Time: 00:07:10

Health: 0/41       AC:  6    Str: 13    XL:     5   Next: 50%
Magic:  16/16      EV: 13    Int:  9    God:    Gozag
Gold:   275        SH:  0    Dex: 20    Spells: 5/7 levels left

rFire   . .          .
                       - Unarmed
rCold   . . .        (no shield)
rNeg    . . .        g - +1 ring mail {rPois}
rPois   +            (helmet currently unavailable)
rElec   .            (cloak currently unavailable)
rCorr   .            k - melded +0 pair of gloves
SInv    .            (boots currently unavailable)
Will    .....        (no amulet)
Stlth   ++           i - ring of magical power
HPRegen 0.26/turn    l - +6 ring of dexterity
MPRegen 0.15/turn

%: no passive effects
@: beast-form, gold aura
A: beast (slay +3), fangs 1, strong nose, distributed training
a: Begin Untransformation, Renounce Religion, Potion Petition, Call Merchant,
Bribe Branch


You were on level 4 of the Dungeon.
You worshipped Gozag.
Gozag was aware of your devotion.
You were a hulking beast.
You visited 1 branch of the dungeon, and saw 4 of its levels.

You collected 302 gold pieces.
You paid 27 gold pieces to Gozag.

Inventory:

Hand Weapons
 b - a +3 flail of protection
 f - a +1 whip of freezing
Missiles
 h - 3 poisoned darts
 n - 2 silver javelins
Armour
 a - a +0 animal skin
 g - a +1 ring mail of poison resistance (worn)
 k - a +0 pair of gloves (melded)
Jewellery
 i - a ring of magical power (left hand)
 l - a +6 ring of dexterity (right hand)
Talismans
 c - a beast talisman (active)
 d - a flux talisman
Scrolls
 e - a scroll of enchant armour {unknown}
 j - a scroll of teleportation
 m - a scroll of noise {unknown}


   Skills:
 + Level 3.0 Fighting
 + Level 1.5 Short Blades
 + Level 1.5 Long Blades
 + Level 1.5 Axes
 + Level 1.5 Maces & Flails
 + Level 1.5 Polearms
 + Level 1.5 Staves
 + Level 1.5 Ranged Weapons
 + Level 1.5 Throwing
 + Level 1.5 Armour
 + Level 4.8 Dodging
 + Level 1.5 Stealth
 + Level 1.5 Shields
 + Level 6.7 Unarmed Combat
 + Level 1.5 Spellcasting
 + Level 1.2 Conjurations
 + Level 1.2 Hexes
 + Level 1.2 Summonings
 + Level 1.2 Necromancy
 + Level 1.2 Translocations
 + Level 1.2 Transmutations
 + Level 1.2 Fire Magic
 + Level 1.2 Ice Magic
 + Level 1.2 Air Magic
 + Level 1.2 Earth Magic
 + Level 1.2 Poison Magic
 + Level 1.7 Invocations
 + Level 1.5 Evocations
 + Level 6.6 Shapeshifting


You had 5 spell levels left.
You knew the following spells:

 Your Spells              Type           Power      Damage    Failure   Level
a - Necrotise             Necr           8%         1d4       41%         1
b - Summon Small Mammal   Summ           8%         N/A       41%         1

Your spell library contained the following spells:

 Spells                   Type           Power      Damage    Failure   Level
 Apportation              Tloc           4%         N/A       41%         1


Dungeon Overview and Level Annotations

Branches:
Dungeon (4/15)
 Temple: D:4-7

Altars:
Gozag


Innate Abilities, Weirdness & Mutations

You are a hulking beast.
Your limbs bulge with bestial killing power. (Slay +3)
You have very sharp teeth.
Your uncanny sense of smell can sniff out nearby items.
Your experience applies equally to all skills.


Message History

The orc wizard casts a spell.
The orc wizard flickers and vanishes!
Deactivating autopickup; reactivate with Ctrl-A.
The orc hits you with a +0 club.
You bump into the rock wall.
Something hits you.
The orc priest calls down the wrath of Beogh upon you.
Beogh smites you! The orc hits you but does no damage.
You bump into the rock wall.
Something hits you but does no damage. The orc hits you with a +0 club.
You bump into the rock wall.
The orc barely misses you. Something barely misses you.
The orc priest looks encouraged for a moment.
You miss something.
You feel less confused.
You hit something but do no damage. Something barely misses you.
The orc hits you but does no damage.
You completely miss something. You bite something.
The orc hits you but does no damage. Something hits you but does no damage.
You punch something!
Reactivating autopickup.
You feel a bit more experienced. The orc barely misses you.
The orc wizard casts a spell.
The orc wizard flickers and vanishes!
Deactivating autopickup; reactivate with Ctrl-A.
You barely miss the orc priest. The orc closely misses you.
An orc comes into view. It is wielding a +0 club.
The orc priest invokes the aid of Beogh against you.
Pain shoots through your body!
You hit the orc priest.
The orc priest is lightly wounded.
The orc hits you with a +0 club.
* * * LOW HITPOINT WARNING * * *
The orc priest invokes the aid of Beogh against you.
Pain shoots through your body!
* * * LOW HITPOINT WARNING * * *
You closely miss the orc priest.
The orc priest is lightly wounded.
The orc hits you with a +0 club.
You die...
Your body crumbles into a pile of gold.

......... .
.##....######.# #.#.
.##........... #.#.
.##.......... #.#.
.)..>.....#### ##.#.
.####........#####.#.
.# #...####.#...... .#
###.####.#.#o#.###o##.
.#
#......#.#h#.....o..
##
#######.#.#o#.##..##.
#..........{o.# ...
####...<###..........
#.##.# ######.### #.
#.# # # #.# ###


You could see an orc priest and 2 orcs.

Vanquished Creatures
  Terence (D:3)
  An orc wizard (D:4)
  6 adders
  A worm (D:3)
  2 dart slugs
  An orc (D:3)
  3 endoplasms (D:3)
  A giant cockroach (D:1)
  6 goblins
  3 hobgoblins
  9 jackals
  4 kobolds
  2 quokkas
  6 ball pythons
  5 bats
  5 frilled lizards
  4 rats
60 creatures vanquished.

Notes
Turn   | Place    | Note
-------+----------+-------------------------------------------
     0 | D:1      | Danienth the Gnoll Shapeshifter began the quest for the
                  | Orb.
     0 | D:1      | Reached XP level 1. HP: 17/17 MP: 1/1
   329 | D:1      | Reached XP level 2. HP: 23/23 MP: 2/2
   760 | D:1      | Reached XP level 3. HP: 25/28 MP: 3/3
  1106 | D:2      | Found an opulent altar of Gozag.
  1113 | D:2      | Became a worshipper of Gozag Ym Sagoz the Greedy
  1133 | D:2      | Reached skill level 1 in Invocations
  1270 | D:2      | Found a faded altar of an unknown god.
  1289 | D:2      | Reached skill level 1 in Short Blades
  1289 | D:2      | Reached skill level 1 in Long Blades
  1289 | D:2      | Reached skill level 1 in Axes
  1289 | D:2      | Reached skill level 1 in Maces & Flails
  1289 | D:2      | Reached skill level 1 in Polearms
  1289 | D:2      | Reached skill level 1 in Staves
  1289 | D:2      | Reached skill level 1 in Ranged Weapons
  1289 | D:2      | Reached skill level 1 in Throwing
  1289 | D:2      | Reached skill level 1 in Armour
  1289 | D:2      | Reached skill level 1 in Stealth
  1289 | D:2      | Reached skill level 1 in Shields
  1289 | D:2      | Reached skill level 1 in Spellcasting
  1289 | D:2      | Reached skill level 1 in Evocations
  1308 | D:2      | Reached XP level 4. HP: 34/34 MP: 5/5
  1317 | D:2      | Learned a level 1 spell: Necrotise
  1319 | D:2      | Learned a level 1 spell: Summon Small Mammal
  1543 | D:3      | Noticed Terence
  1575 | D:3      | Killed Terence
  1576 | D:3      | Reached skill level 1 in Conjurations
  1576 | D:3      | Reached skill level 1 in Hexes
  1576 | D:3      | Reached skill level 1 in Summonings
  1576 | D:3      | Reached skill level 1 in Necromancy
  1576 | D:3      | Reached skill level 1 in Translocations
  1576 | D:3      | Reached skill level 1 in Transmutations
  1576 | D:3      | Reached skill level 1 in Fire Magic
  1576 | D:3      | Reached skill level 1 in Ice Magic
  1576 | D:3      | Reached skill level 1 in Air Magic
  1576 | D:3      | Reached skill level 1 in Earth Magic
  1576 | D:3      | Reached skill level 1 in Poison Magic
  1803 | D:3      | Reached XP level 5. HP: 36/40 MP: 7/7
  2273 | D:4      | HP: 2/41 [orc priest/nerve-wracking pain (10)]
  2274 | D:4      | Slain by an orc

Illustrated notes

Levels and vault maps discovered:
D:1:      spicycebolla_arrival_transporter_tutorial, layout_basic
D:2:      layout_rooms, shapermc_ecumenical_altar_acropolis, basic_altar
D:3:      layout_loops_ring, uniq_terence
D:4:      layout_basic, lightli_ossuary_entry_decrepit_ruins, minivault_23

Skill      XL: |  1  2  3  4  5 |
---------------+----------------+-----
Invocations    | 1 |  1.7
Short Blades   | 1 |  1.5
Long Blades    | 1 |  1.5
Axes           | 1 |  1.5
Maces & Flails | 1 |  1.5
Polearms       | 1 |  1.5
Staves         | 1 |  1.5
Ranged Weapons | 1 |  1.5
Throwing       | 1 |  1.5
Armour         | 1 |  1.5
Stealth        | 1 |  1.5
Shields        | 1 |  1.5
Spellcasting   | 1 |  1.5
Evocations     | 1 |  1.5
Conjurations   | 1 |  1.2
Hexes          | 1 |  1.2
Summonings     | 1 |  1.2
Necromancy     | 1 |  1.2
Translocations | 1 |  1.2
Transmutations | 1 |  1.2
Fire Magic     | 1 |  1.2
Ice Magic      | 1 |  1.2
Air Magic      | 1 |  1.2
Earth Magic    | 1 |  1.2
Poison Magic   | 1 |  1.2
Fighting       | 3 |  3.0
Dodging        | |  4.8
Unarmed Combat | |  6.7
Shapeshifting  | |  6.6

Action                     |  1- 3 |  4- 6 || total
---------------------------+-------+-------++-------
  Melee: Whip              |    95 |    15 ||   110
         Unarmed           |    13 |    46 ||    59
         Bite              |     6 |     6 ||    12
         Punch             |       |     3 ||     3
Ability: Begin Untransform |     1 |       ||     1
    Use: Scroll            |     3 |     1 ||     4
         Potion            |       |     5 ||     5
   Stab: Sleeping          |     1 |     1 ||     2
 Armour: Ring mail         |    58 |    39 ||    97
         Skin              |       |     3 ||     3
  Dodge: Dodged            |    81 |    36 ||   117
   Form: Beast             |       |     1 ||     1

Table legend: (Time is in decaauts)
 A = Elapsed time spent in this place.
 B = Non-inter-level travel time spent in this place.
 C = Inter-level travel time spent in this place.
 D = Time resting spent in this place.
 E = Time spent auto-exploring this place.
 F = Levels seen in this place.
 G = Mean time per level.
                   A        B        C        D        E       F      G
               +--------+--------+--------+--------+--------+-----+--------+
         Total |   2271 |   2071 |    200 |    128 |   1514 |   4 |  567.8 |
       Dungeon |   2271 |   2071 |    200 |    128 |   1514 |   4 |  567.8 |
               +--------+--------+--------+--------+--------+-----+--------+

Top non-repeatable levels by time:
     D:1: 963 daAuts
     D:3: 777 daAuts
     D:2: 467 daAuts
     D:4: 63 daAuts
